 Dungeon Crawl Stone Soup version 0.25.1-2-g60ff931df9 (webtiles) character file.

Game seed: 498114488443452594

470 lepoulpe303 the Bolt Thrower (level 7, -1/41 HPs)
             Began as a Kobold Hunter on Sept 10, 2020.
             Slain by Edmund
             ... wielding a +6 flail of protection
              (13 damage)
             ... on level 4 of the Dungeon.
             The game lasted 00:28:32 (6153 turns).

lepoulpe303 the Bolt Thrower (Kobold Hunter)        Turns: 6153, Time: 00:28:33

Health: -1/41      AC:  9    Str: 17    XL:     7   Next: 31%
Magic:  7/7        EV: 18    Int: 12    God:
Gold:   136        SH:  5    Dex: 16    Spells: 6/6 levels left

rFire    + . .     SeeInvis .   a - +1 hand crossbow
rCold    . . .     Gourm    .   f - +0 buckler
rNeg     . . .     Faith    .   s - +2 ring mail {rF+} {rF+}
rPois    .         Spirit   .   t - +0 helmet
rElec    .         Reflect  .   c - +0 cloak
rCorr    .         Harm     .   (no gloves)
MR       .....                  (no boots)
Stlth    ++........             (no amulet)
HPRegen  0.13/turn              l - +4 ring of evasion
MPRegen  0.10/turn              o - +6 ring of strength

@: flying
A: small, carnivore
a: no special abilities


You were on level 4 of the Dungeon.
You were very full.

You visited 1 branch of the dungeon, and saw 4 of its levels.

You collected 136 gold pieces.

Inventory:

Hand Weapons
 a - a +1 hand crossbow (weapon)
 b - a +0 rapier
 x - a +0 short sword
Missiles
 h - 6 boomerangs
 p - 14 poisoned darts
 Q - 11 bolts (quivered)
Armour
 c - a +0 cloak (worn)
 f - a +0 buckler (worn)
 n - a +0 chain mail
 s - a +2 ring mail of fire resistance (worn) {rF+}
 t - a +0 helmet (worn)
Jewellery
 l - a +4 ring of evasion (left hand)
 o - a +6 ring of strength (right hand)
Wands
 j - a wand of polymorph (10)
Scrolls
 i - 2 scrolls of identify
 k - 2 scrolls of amnesia {unknown}
 u - a scroll of random uselessness {unknown}
 w - 4 scrolls of remove curse
Potions
 d - a potion of cancellation {unknown}
 g - a potion of magic {unknown}
 m - a potion of stabbing
 q - a potion of curing
 r - a potion of lignification {!q}
 v - a potion of mutation {unknown}
 z - a potion of brilliance {unknown}
 A - a potion of flight
Comestibles
 e - 7 rations


   Skills:
 + Level 3.4 Fighting
 + Level 2.3 Short Blades
 * Level 6.5 Crossbows
 * Level 2.4 Armour
 + Level 3.7 Dodging
 + Level 3.4 Stealth
 + Level 1.5 Shields


You had 6 spell levels left.
You didn't know any spells.
Your spell library was empty.

Dungeon Overview and Level Annotations

Branches:
Dungeon (4/15)
 Temple: D:4-7

Altars:
Yredelemnul

Annotations:
D:4 dig, Edmund


Innate Abilities, Weirdness & Mutations

You are small and have problems with some larger weapons.
You are carnivorous and can eat meat at any time.


Message History

You hit Edmund but do no damage. Edmund misses you.
It was a potion of flight.
You feel very buoyant.
You fly up into the air.
Edmund misses you.
You hit Edmund but do no damage. Edmund hits you but does no damage.
You hit Edmund but do no damage. You barely miss Edmund.
Edmund hits you with a +6 flail of protection!
* * * LOW HITPOINT WARNING * * *
You take 12 damage, and have 8/41 hp.
MASSIVE DAMAGE!!
Edmund barely misses you.
Edmund says, "I'm quite good with sums, too."
a - a +1 hand crossbow (weapon)
Edmund grinds his teeth, and then sighs.
Firing (i - inventory)
Q - 12 bolts (quivered)
Aim: Edmund, wielding a +6 flail of protection and wearing a +0 chain mail (heavily wounded)
You shoot a bolt. The bolt hits Edmund!
Edmund hits you with a +6 flail of protection!
You die...

*,,,,,,),* #.....
***##########.....
############...............
#.........................[
#..........................
#....#####.................
#....#?$)#(................
#....#($$#@................
#######....#(!$#@.........#<....#
.......##..#####.........########
.......##.........######...## ##.
.......##.........# #....#..###.)
........).........###....##..##..
............##..(...((...###.....
..........#.......###.....##.##..
.......##..#......####...........
...........[...........#.#.#.#.#.


You could see Edmund.

Levels and vault maps discovered:
D:1:      arrival_aquarium_b, layout_rooms, minmay_split_cup_large
D:2:      layout_loops_ring, uniq_robin
D:3:      layout_basic, chequers_ecumenical_altar_island,
          uniq_crazy_yiuf_cottage
D:4:      layout_rooms, lemuel_zombie_altar_yredelemnul, serial_glass,
          glass_columns_c, glass_columns_c, item_on_display_a,
          due_unseen_surprise, feat_on_display, first_ration, grunt_tough_drop,
          uniq_edmund

Notes
Turn   | Place    | Note
-------+----------+-------------------------------------------
     0 | D:1      | lepoulpe303 the Kobold Hunter began the quest for the Orb.
     0 | D:1      | Reached XP level 1. HP: 12/12 MP: 1/1
     0 | D:1      | Identified a +0 short sword
     4 | D:1      | Noticed an electric eel
     4 | D:1      | Noticed an electric eel
    35 | D:1      | Identified a +0 whip
    37 | D:1      | Identified a +0 dagger
    62 | D:1      | HP: 1/12 [goblin/+0 dagger (3)]
   110 | D:1      | Identified a +1 hand crossbow
   162 | D:1      | Reached XP level 2. HP: 8/18 MP: 2/2
   363 | D:1      | Identified a +0 buckler (You found it on level 1 of the
                  | Dungeon)
   456 | D:1      | Identified a +0 ring mail (You found it on level 1 of the
                  | Dungeon)
   592 | D:1      | Reached skill level 5 in Crossbows
   605 | D:1      | Identified a +0 club
   612 | D:1      | Identified a +0 club
   801 | D:1      | Identified a +0 club
   962 | D:1      | Identified a +0 club
   964 | D:1      | Identified a +0 dagger
   976 | D:1      | Reached XP level 3. HP: 17/22 MP: 3/3
   991 | D:1      | Reached skill level 2 in Stealth
  1210 | D:1      | Identified a +0 club
  1516 | D:2      | Identified a cursed -1 dagger
  1516 | D:2      | Identified a +0 hunting sling
  1672 | D:2      | Reached XP level 4. HP: 24/27 MP: 4/4
  1681 | D:2      | Identified a +0 club
  1725 | D:2      | Identified a cursed -3 dagger
  1725 | D:2      | Identified a +0 dagger
  1725 | D:2      | Identified a +0 club
  1726 | D:2      | Identified a +0 club
  1726 | D:2      | Identified a +0 animal skin
  1726 | D:2      | Identified a +0 helmet
  1726 | D:2      | Noticed Robin
  1726 | D:2      | Identified a +0 dagger
  1726 | D:2      | Identified a +0 hunting sling
  1726 | D:2      | Identified a +0 dagger
  1748 | D:2      | Identified a +0 club
  1755 | D:2      | Identified a +0 club
  1756 | D:2      | Identified a +0 dagger
  1769 | D:2      | Identified a +0 club
  1769 | D:2      | Identified a +0 hunting sling
  1773 | D:2      | Identified a +0 dagger
  1773 | D:2      | Identified a +0 hunting sling
  1798 | D:1      | Reached skill level 1 in Armour
  2017 | D:2      | Reached skill level 1 in Short Blades
  2021 | D:2      | Killed Robin
  2025 | D:2      | Reached skill level 3 in Dodging
  2357 | D:2      | Identified 4 scrolls of remove curse
  2358 | D:2      | Identified a ring of teleportation (You found it on level 2
                  | of the Dungeon)
  2359 | D:2      | Identified a ring of strength (You found it on level 1 of
                  | the Dungeon)
  2362 | D:2      | Identified a ring of evasion (You found it on level 1 of
                  | the Dungeon)
  2401 | D:3      | Identified a +0 trident
  2401 | D:3      | Identified a +0 leather armour
  2403 | D:3      | Identified a +0 dagger
  2403 | D:3      | Identified a +0 robe
  2404 | D:3      | Identified a +0 whip
  2404 | D:3      | Identified a +2 ring mail of fire resistance
  2414 | D:3      | HP: 3/27 [orc wizard/magic dart (5)]
  2745 | D:3      | Found a runed translucent door.
  2746 | D:3      | Identified a +4 quarterstaff of chaos
  2746 | D:3      | Identified a +0 cloak
  2746 | D:3      | Noticed Crazy Yiuf
  2795 | D:3      | Identified a +0 club
  2813 | D:3      | Reached XP level 5. HP: 16/31 MP: 5/5
  3131 | D:3      | Identified a +0 hand axe
  3132 | D:3      | Identified a +0 club
  3304 | D:3      | Reached skill level 1 in Shields
  3343 | D:3      | Identified a +0 short sword
  3349 | D:3      | Identified a +0 club
  3504 | D:3      | Identified a +0 hunting sling
  3641 | D:3      | Found a faded altar of an unknown god.
  3681 | D:3      | Identified a +4 flail
  3681 | D:3      | Identified a +0 chain mail
  3682 | D:3      | Identified a +0 chain mail
  3682 | D:3      | Identified a +0 ring mail
  3682 | D:3      | Identified a +0 short sword
  3823 | D:3      | Reached skill level 6 in Crossbows
  3823 | D:3      | Reached XP level 6. HP: 17/36 MP: 6/6
  3910 | D:3      | Reached skill level 3 in Fighting
  4127 | D:3      | Identified 3 scrolls of identify
  4127 | D:3      | Identified a potion of stabbing
  4135 | D:3      | HP: 8/37 [Crazy Yiuf/+4 quarterstaff of chaos (7)]
  4395 | D:3      | Killed Crazy Yiuf
  4608 | D:4      | Reached skill level 2 in Armour
  4611 | D:4      | Identified a +6 flail of protection
  4611 | D:4      | Identified a +0 chain mail
  4611 | D:4      | Noticed Edmund
  4611 | D:4      | Identified a +0 falchion
  4645 | D:4      | Reached skill level 3 in Stealth
  4737 | D:4      | Identified a +0 flail
  4792 | D:4      | Identified a +0 rapier (You found it on level 4 of the
                  | Dungeon)
  4812 | D:4      | Identified a +0 club
  4812 | D:4      | Identified a +0 scale mail
  4813 | D:4      | Identified a +0 hand axe
  4813 | D:4      | Identified a +0 leather armour
  4837 | D:4      | Identified a +0 dagger
  4838 | D:4      | Identified a +0 hand axe
  4856 | D:4      | HP: 2/37 [orc priest/divine providence (17)]
  5268 | D:4      | Reached skill level 2 in Short Blades
  5275 | D:4      | Reached XP level 7. HP: 41/41 MP: 7/7
  5491 | D:4      | Found a basalt altar of Yredelemnul.
  5652 | D:4      | Identified a +0 short sword
  5652 | D:4      | Identified a +0 leather armour
  5654 | D:4      | lepoulpe303: !whichgod kohu
  5654 | D:4      | meem: 34 recent wins for kohu: 11x Okawaru, 8x Wu Jian, 4x
                  | The Shining One, 2x Uskayaw, 2x Ru, 2x Makhleb, Ashenzari,
                  | Cheibriados, Dithmenos, Qazlal, Trog
  5746 | D:4      | Identified a potion of lignification
  5747 | D:4      | Identified a potion of curing
  6118 | D:4      | Identified 2 potions of flight
  6121 | D:4      | HP: 8/41 [Edmund/+6 flail of protection (12)]
  6153 | D:4      | Slain by Edmund

Table legend:
 A = Turns spent in this place as a percentage of turns spent in the entire game.
 B = Non-inter-level travel turns spent in this place as a percentage of non-inter-level travel turns spent in the entire game.
 C = Inter-level travel turns spent in this place as a percentage of turns spent in this place.
 D = Turns resting spent in this place as a percentage of non-inter-level travel turns spent in this place.
 E = Turns spent auto-exploring this place as a percentage of non-inter-level travel turns spent in this place.
 F = Non-inter-level travel turns spent in this place divided by the number of levels of this place that you've seen.
                   A       B       C       D       E      F
               +-------+-------+-------+-------+-------+----------------------
         Total | 100.0 | 100.0 |   4.9 |  32.6 |  34.5 | 1462.2
       Dungeon | 100.0 | 100.0 |   4.9 |  32.6 |  34.5 | 1462.2
               +-------+-------+-------+-------+-------+----------------------

Table legend:
 A = Kills in this place as a percentage of kills in entire the game.
 B = Kills by you in this place as a percentage of kills by you in the entire game.
 C = Kills by friends in this place as a percentage of kills by friends in the entire game.
 D = Other kills in this place as a percentage of other kills in the entire game.
 E = Experience gained in this place as a percentage of experience gained in the entire game.
 F = Experience gained in this place divided by the number of levels of this place that you have seen.
                   A       B       C       D       E      F
               +-------+-------+-------+-------+-------+----------------------
         Total | 100.0 | 100.0 |   N/A |   N/A | 100.0 | 168.0
       Dungeon | 100.0 | 100.0 |   N/A |   N/A | 100.0 | 168.0
               +-------+-------+-------+-------+-------+----------------------

Skill      XL: |  1  2  3  4  5  6 |
---------------+-------------------+-----
Crossbows      | 5 6 |  6.5
Stealth        | 2 3 |  3.4
Armour         | 1 2 |  2.4
Short Blades   | 1 2 |  2.3
Dodging        | 3 |  3.7
Shields        | 1 |  1.5
Fighting       | 3 |  3.4

Action                   |  1- 3 |  4- 6 |  7- 9 || total
-------------------------+-------+-------+-------++-------
Melee: Short sword       |   183 |   305 |       ||   488
       Rapier            |       |    20 |    55 ||    75
 Fire: Hand crossbow     |     2 |    21 |    15 ||    38
Throw: Dart              |       |    41 |       ||    41
  Use: Scroll            |       |     3 |     2 ||     5
       Potion            |       |       |     1 ||     1
 Stab: Sleeping          |       |     2 |       ||     2
  Eat: Chunk             |    11 |    11 |     3 ||    25
Armor: Leather armour    |    17 |       |       ||    17
       Ring mail         |    57 |    91 |     9 ||   157
Dodge: Dodged            |   149 |   300 |    31 ||   480
Block: Buckler           |    39 |    84 |     8 ||   131

Vanquished Creatures
  3 orc priests
  A bullfrog skeleton (D:4)
  A hound (D:4)
  An orc wizard (D:3)
  Crazy Yiuf (D:3)
  4 worker ants (D:4)
  A hound skeleton (D:4)
  Robin (D:2)
  2 adders (D:3)
  A worm (D:3)
  4 leopard geckos
  12 orcs
  7 giant cockroaches
  2 gnoll zombies (D:4)
  23 goblins
  10 hobgoblins
  10 jackals
  7 kobolds
  13 bats
  7 frilled lizards
  A jackal zombie (D:2)
  A leopard gecko skeleton (D:4)
  7 rats
120 creatures vanquished.
